 Dungeon Crawl Stone Soup version 0.19.1-1-g22dce08 (webtiles) character file.

183 e2Xg the Chopper (level 5, 0/46 HPs)
             Began as a Minotaur Berserker on Jan 3, 2017.
             Was a Priest of Trog.
             Killed from afar by monokles's ghost (8 damage)
             ... with a magic dart
             ... on level 4 of the Dungeon.
             The game lasted 00:12:04 (3311 turns).

e2Xg the Chopper (Minotaur Berserker)               Turns: 3311, Time: 00:12:04

Health: 0/46       AC:  8    Str: 21    XL:     5   Next: 35%
Magic:  4/4        EV:  4    Int:  4    God:    Trog [***...]
Gold:   178        SH:  7    Dex: 11    Spells: 0 memorised, 4 levels left

rFire  + + .     SeeInvis .     s - +0 hand axe
rCold  x . .     Gourm    .     e - +0 chain mail
rNeg   . . .     Faith    .     B - +0 shield
rPois  .         Spirit   .     (helmet restricted)
rElec  .         Reflect  .     (no cloak)
rCorr  .         Harm     +     (no gloves)
MR     .....                    (no boots)
Stlth  ..........               d - amulet of harm
                                h - ring of fire
                                b - ring of protection from fire

@: exhausted, slowed, heavily drained, very slow
A: retaliatory headbutt, horns 2
a: Berserk, Trog's Hand, Burn Spellbooks, Renounce Religion


You were on level 4 of the Dungeon.
You worshipped Trog.
Trog was most pleased with you.
You were full.

You visited 1 branch of the dungeon, and saw 4 of its levels.

You collected 178 gold pieces.

Inventory:

Hand Weapons
 a - a +0 hand axe
 s - a +0 hand axe (weapon)
Armour
 e - a +0 chain mail (worn)
 B - a +0 shield (worn)
Jewellery
 b - a ring of protection from fire (left hand)
 d - an amulet of harm (around neck)
 h - a ring of fire (right hand)
Wands
 x - a wand of flame (13/48)
Scrolls
 c - a scroll of enchant weapon {unknown}
 k - 2 scrolls of remove curse {unknown}
 n - 7 scrolls of identify {unknown}
 r - a scroll of teleportation {unknown}
 t - 2 scrolls of fog {unknown}
 v - a scroll of immolation {unknown}
 w - a scroll of blinking {unknown}
 y - a scroll of enchant armour {unknown}
 A - a scroll of amnesia {unknown}
Potions
 f - 3 potions of brilliance {unknown}
 g - 3 potions of curing {unknown}
 i - a potion of magic {unknown}
 j - a potion of ambrosia {unknown}
 m - a potion of invisibility {unknown}
 o - 2 potions of heal wounds {unknown}
 q - a potion of might {unknown}
 z - a potion of flight {unknown}
Comestibles
 l - 2 meat rations
 p - a chunk of flesh
 u - a beef jerky


   Skills:
 - Level 4.0(1.5) Fighting
 * Level 7.0(4.3) Axes
 - Level 2.6(0.1) Armour
 - Level 2.1(0.0) Dodging
 - Level 0.1(0.0) Stealth


You had 4 spell levels left.
You didn't know any spells.

Dungeon Overview and Level Annotations

Branches:
Dungeon (4/15)
 Temple: D:4-7

Altars:
Dithmenos
Fedhas

Annotations:
D:4 monokles's ghost, amateur DgCj


Innate Abilities, Weirdness & Mutations

You reflexively headbutt those who attack you in melee.
You have a pair of horns on your head.


Message History

* * * LOW HITPOINT WARNING * * *
You continue eating.
You feel a strong urge to attack something.
You continue eating.
You are no longer berserk.
You are exhausted.
You feel yourself slow down. Monokles's ghost hits you.
* * * LOW HITPOINT WARNING * * *
You finish eating.
That meat ration really hit the spot!
You are too injured to fight recklessly!
You are too injured to fight recklessly!
You are too injured to fight recklessly!
You are too injured to fight recklessly!
You are too injured to fight recklessly!
Monokles's ghost gestures at you while chanting.
The orb of energy hits you!
The orb of energy explodes!
Monokles's ghost takes aim.
Monokles's ghost points at you and mumbles some strange words.
The magic dart hits you!
You die...

..........
..................#
.........##..<....#
.........##....[..#
..........#.......#
..........# ......##
..........###......#######
..........##.....#.......#
...........@......#......#
.........#W.......#......#
..................#......#
........##.......##......#
.......###........#......#
.<.......................#
.......##.......#......#
......# ##.....##......#
... ##...###......#


You could see monokles's ghost.

Vanquished Creatures
  An orc wizard (D:3)
  7 adders
  An ooze (D:3)
  2 worms
  A dart slug (D:3)
  3 leopard geckos
  4 orcs (D:3)
  A ball python (D:2)
  8 bats
  A giant cockroach (D:4)
  10 goblins
  6 hobgoblins
  4 jackals (D:1)
  6 quokkas
  5 frilled lizards
  7 kobolds
  9 rats
76 creatures vanquished.

Notes
Turn   | Place    | Note
-------+----------+-------------------------------------------
     0 | D:1      | e2Xg the Minotaur Berserker began the quest for the Orb.
     0 | D:1      | Reached XP level 1. HP: 19/19 MP: 0/0
   406 | D:1      | Reached XP level 2. HP: 27/27 MP: 1/1
   447 | D:1      | Reached skill level 4 in Axes
   893 | D:1      | Reached ** piety under Trog
  1151 | D:2      | Reached XP level 3. HP: 27/33 MP: 2/2
  1280 | D:2      | Reached skill level 5 in Axes
  2013 | D:2      | Reached XP level 4. HP: 38/40 MP: 3/3
  2064 | D:3      | Found a blossoming altar of Fedhas.
  2253 | D:3      | Found a shadowy altar of Dithmenos.
  2320 | D:3      | Reached skill level 6 in Axes
  2546 | D:3      | Reached *** piety under Trog
  2587 | D:3      | Reached XP level 5. HP: 31/46 MP: 4/4
  3146 | D:4      | Reached skill level 7 in Axes
  3288 | D:4      | Noticed monokles's ghost (amateur DgCj)
  3311 | D:4      | Killed from afar by monokles's ghost

Skill      XL: |  1  2  3  4  5 |
---------------+----------------+-----
Fighting       | 4 |  4.0
Axes           | 4 5 6 7 |  7.0
Armour         | |  2.6
Dodging        | |  2.1
Stealth        | |  0.1

Action                   |  1- 3 |  4- 6 || total
-------------------------+-------+-------++-------
Melee: Hand axe          |    71 |   104 ||   175
       Headbutt          |    13 |    18 ||    31
Invok: Berserk           |     1 |     1 ||     2
 Stab: Distracted        |       |     1 ||     1
  Eat: Bread ration      |     1 |       ||     1
       Chunk             |       |     3 ||     3
       Meat ration       |       |     1 ||     1
       Beef jerky        |       |     1 ||     1
Armor: Animal skin       |     3 |       ||     3
       Chain mail        |    34 |    61 ||    95
Dodge: Dodged            |    44 |    26 ||    70
Block: Shield            |       |     1 ||     1
